A
ORLANDO BLACKBIRDS @ LITTLE ROCK TRAVELERS
04/30/2060
 
TOP OF THE 1ST
Orlando Blackbirds batting - Pitching for Little Rock Travelers : LHP Derick Thomas
Pitching: LHP Derick Thomas
Batting: RHB Billy Wright 0-0: Ball
1-0: Called Strike
1-1: Ball
2-1: Ball
3-1: Base on Balls
Batting: RHB Alden Bradley 0-0: Ball
1-0: Ball
2-0: Ball
3-0: Base on Balls
Billy Wright to second
Batting: RHB Braden Sacks 0-0: Foul Ball, location: 2F
0-1: Ball
1-1: Ball
2-1: Ball
3-1: SINGLE (Line Drive, 8RS, EV 113.1 MPH)
Billy Wright to third
Alden Bradley to second
Runner from 3rd tries for Home, SAFE, throw by CF to home
Batting: RHB Randy Wassell 0-0: Foul Ball, location: 2F
0-1: Grounds into double play, 6-4-3 (Groundball, 6, EV 106.9 MPH)
Alden Bradley to third
Batting: RHB Logan Rodacker 0-0: Ball
1-0: Called Strike
1-1: Ball
2-1: Fly out, F7 (Line Drive, 7, EV 98.1 MPH)
Top of the 1st over - 1 run, 1 hit, 0 errors, 1 left on base; Orlando 1 - Little Rock 0
BOTTOM OF THE 1ST
Little Rock Travelers batting - Pitching for Orlando Blackbirds : RHP Eli Roberts
Pitching: RHP Eli Roberts
Batting: RHB Kyle Tursi 0-0: Called Strike
0-1: Swinging Strike
0-2: SINGLE (Groundball, 34D, EV 102.5 MPH)
Batting: RHB Logan Triplett 0-0: Ball
1-0: Ball
2-0: Ball
3-0: Foul Ball, location: 2F
3-1: Fly out, F7 (Flyball, 7S, EV 84.4 MPH)
Batting: RHB Cody Tolley 0-0: Ball
1-0: Ball
2-0: Called Strike
2-1: Foul Ball, location: 2F
2-2: Strikes out swinging
Batting: LHB Sanford Davis 0-0: Foul Ball, location: 2F
0-1: Called Strike
Kyle Tursi steals 2nd base
0-2: Foul Ball, location: 2F
0-2: Ball
1-2: Ball
2-2: Strikes out looking
Bottom of the 1st over - 0 runs, 1 hit, 0 errors, 1 left on base; Orlando 1 - Little Rock 0
TOP OF THE 2ND
Orlando Blackbirds batting - Pitching for Little Rock Travelers : LHP Derick Thomas
Batting: SHB Conor Coleman 0-0: SINGLE (Flyball, 9LS, EV 87.5 MPH)
Batting: LHB Aiden Hill 0-0: Ball
1-0: Foul Ball, location: 2F
1-1: Ball
2-1: Called Strike
2-2: Ball
3-2: Fly out, F8 (Flyball, 8RD, EV 105.0 MPH)
Batting: SHB Kenny Goss 0-0: Foul Ball, location: 2F
0-1: Foul Ball, location: 2F
0-2: Ball
1-2: Ball
2-2: 2-RUN HOME RUN (Flyball, 9LD, EV 93.8 MPH), Distance : 338 ft
Batting: RHB Adrian Zabel 0-0: Foul Ball, location: 2F
0-1: Called Strike
0-2: Ball
1-2: Strikes out swinging
Batting: RHB Billy Wright 0-0: SINGLE (Line Drive, 56D, EV 98.1 MPH)
Batting: RHB Alden Bradley 0-0: Ball
1-0: TRIPLE (Line Drive, 89XD, EV 108.1 MPH)
Billy Wright scores
Batting: RHB Braden Sacks 0-0: Called Strike
0-1: Swinging Strike
0-2: Ball
1-2: Ball
2-2: Ball
3-2: SINGLE (Line Drive, 4MD, EV 105.6 MPH)
Alden Bradley scores
Batting: RHB Randy Wassell 0-0: Called Strike
0-1: Called Strike
Braden Sacks steals 2nd base
0-2: Strikes out swinging
Top of the 2nd over - 4 runs, 5 hits, 0 errors, 1 left on base; Orlando 5 - Little Rock 0
BOTTOM OF THE 2ND
Little Rock Travelers batting - Pitching for Orlando Blackbirds : RHP Eli Roberts
Batting: RHB Eli Hartman 0-0: Foul Ball, location: 2F
0-1: Ball
1-1: Ball
2-1: Ground out 6-3 (Groundball, 6, EV 103.8 MPH)
Batting: LHB Chandler Allen 0-0: Ball
1-0: Called Strike
1-1: Foul Ball, location: 2F
1-2: Strikes out swinging
Batting: RHB Mason Eubanks 0-0: Fly out, F3 (Popup, 3SF, EV 77.5 MPH)
Bottom of the 2nd over - 0 runs, 0 hits, 0 errors, 0 left on base; Orlando 5 - Little Rock 0
TOP OF THE 3RD
Orlando Blackbirds batting - Pitching for Little Rock Travelers : LHP Derick Thomas
Batting: RHB Logan Rodacker 0-0: Foul Ball, location: 2F
0-1: Ground out 6-3 (Groundball, 6MS, EV 65.0 MPH)
Batting: SHB Conor Coleman 0-0: Ball
1-0: Ball
2-0: SINGLE (Groundball, 56D, EV 103.1 MPH)
Batting: LHB Aiden Hill 0-0: Called Strike
0-1: Ball
1-1: Ball
2-1: Swinging Strike
2-2: Strikes out swinging
Batting: SHB Kenny Goss 0-0: Called Strike
0-1: Ball
1-1: Called Strike
1-2: Foul Ball, location: 2F
1-2: Ball
2-2: Ball
3-2: Fly out, F7 (Flyball, 7S, EV 85.6 MPH)
Top of the 3rd over - 0 runs, 1 hit, 0 errors, 1 left on base; Orlando 5 - Little Rock 0
BOTTOM OF THE 3RD
Little Rock Travelers batting - Pitching for Orlando Blackbirds : RHP Eli Roberts
Batting: RHB Preston Horner 0-0: SINGLE (Line Drive, 78S, EV 90.0 MPH)
Batting: SHB Skylar Cirigliano 0-0: Ball
1-0: Foul Ball, location: 2F
1-1: Foul Ball, location: 2F
1-2: Ball
2-2: Fly out, F8 (Flyball, 78M, EV 80.0 MPH)
Batting: RHB Kyle Tursi 0-0: Swinging Strike
0-1: Called Strike
Preston Horner is caught stealing 2nd base 2-4
0-2: TRIPLE (Flyball, 89XD, EV 110.0 MPH)
Batting: RHB Logan Triplett 0-0: Ball
1-0: Ball
2-0: Ball
3-0: Called Strike
3-1: Base on Balls
Batting: RHB Cody Tolley 0-0: Called Strike
0-1: Called Strike
0-2: Ball
1-2: Ball
2-2: 3-RUN HOME RUN (Flyball, 89XD, EV 99.4 MPH), Distance : 406 ft
Batting: LHB Sanford Davis 0-0: Fly out, F7 (Flyball, 7D, EV 93.8 MPH)
Bottom of the 3rd over - 3 runs, 3 hits, 0 errors, 0 left on base; Orlando 5 - Little Rock 3
TOP OF THE 4TH
Orlando Blackbirds batting - Pitching for Little Rock Travelers : LHP Derick Thomas
Batting: RHB Adrian Zabel 0-0: SINGLE (Groundball, 4D, EV 95.6 MPH)
Pitching: RHP Kolby Peterson
Batting: RHB Billy Wright 0-0: Called Strike
0-1: Ball
1-1: Ball
2-1: Swinging Strike
2-2: Ball
3-2: Strikes out swinging
Batting: RHB Alden Bradley 0-0: Ball
1-0: Called Strike
1-1: Ball
2-1: Ball
3-1: Foul Ball, location: 2F
3-2: Fly out, F6 (Line Drive, 56D, EV 74.4 MPH)
Batting: RHB Braden Sacks 0-0: Ball
1-0: Ball
2-0: Fly out, F8 (Flyball, 8RS, EV 95.6 MPH)
Top of the 4th over - 0 runs, 1 hit, 0 errors, 1 left on base; Orlando 5 - Little Rock 3
BOTTOM OF THE 4TH
Little Rock Travelers batting - Pitching for Orlando Blackbirds : RHP Eli Roberts
Batting: RHB Eli Hartman 0-0: Ball
1-0: Foul Ball, location: 2F
1-1: Ball
2-1: Swinging Strike
2-2: Foul Ball, location: 2F
2-2: Strikes out looking
Batting: LHB Chandler Allen 0-0: Called Strike
0-1: Swinging Strike
0-2: Ball
1-2: Ball
2-2: Strikes out looking
Batting: RHB Mason Eubanks 0-0: Called Strike
0-1: Called Strike
0-2: Fly out, F8 (Flyball, 8RM, EV 91.2 MPH)
Bottom of the 4th over - 0 runs, 0 hits, 0 errors, 0 left on base; Orlando 5 - Little Rock 3
TOP OF THE 5TH
Orlando Blackbirds batting - Pitching for Little Rock Travelers : RHP Kolby Peterson
Batting: RHB Randy Wassell 0-0: Called Strike
0-1: Called Strike
0-2: Foul Ball, location: 2F
0-2: Foul Ball, location: 2F
0-2: Strikes out looking
Batting: RHB Logan Rodacker 0-0: Foul Ball, location: 2F
0-1: Swinging Strike
0-2: Ball
1-2: Strikes out swinging
Batting: SHB Conor Coleman 0-0: Ball
1-0: Ball
2-0: Ball
3-0: Called Strike
3-1: Foul Ball, location: 2F
3-2: Ground out 4-3 (Groundball, 4, EV 86.9 MPH)
Top of the 5th over - 0 runs, 0 hits, 0 errors, 0 left on base; Orlando 5 - Little Rock 3
BOTTOM OF THE 5TH
Little Rock Travelers batting - Pitching for Orlando Blackbirds : RHP Eli Roberts
Batting: RHB Preston Horner 0-0: Ball
1-0: Called Strike
1-1: Called Strike
1-2: Foul Ball, location: 2F
1-2: Ball
2-2: Ball
3-2: Strikes out swinging
Batting: SHB Skylar Cirigliano 0-0: Foul Ball, location: 2F
0-1: Ball
1-1: Foul Ball, location: 2F
1-2: Ball
2-2: Strikes out swinging
Batting: RHB Kyle Tursi 0-0: Ball
1-0: Ball
2-0: Called Strike
2-1: Ball
3-1: Called Strike
3-2: Strikes out swinging
Bottom of the 5th over - 0 runs, 0 hits, 0 errors, 0 left on base; Orlando 5 - Little Rock 3
TOP OF THE 6TH
Orlando Blackbirds batting - Pitching for Little Rock Travelers : RHP Kolby Peterson
Batting: LHB Aiden Hill 0-0: Called Strike
0-1: Ball
1-1: Ball
2-1: Foul Ball, location: 2F
2-2: Ball
3-2: Fly out, F7 (Flyball, 7D, EV 100.0 MPH)
Batting: SHB Kenny Goss 0-0: Ball
1-0: Ball
2-0: Swinging Strike
2-1: Fly out, F7 (Flyball, 7LM, EV 108.1 MPH)
Pitching: RHP Lawrence Pyatt
Batting: RHB Adrian Zabel 0-0: Called Strike
0-1: Ball
1-1: Ball
2-1: Foul Ball, location: 2F
2-2: Foul Ball, location: 2F
2-2: Ball
3-2: Foul Ball, location: 2F
3-2: Base on Balls
Batting: RHB Billy Wright 0-0: Foul Ball, location: 2F
0-1: Ball
1-1: Swinging Strike
1-2: Ball
2-2: Strikes out swinging
Top of the 6th over - 0 runs, 0 hits, 0 errors, 1 left on base; Orlando 5 - Little Rock 3
BOTTOM OF THE 6TH
Little Rock Travelers batting - Pitching for Orlando Blackbirds : RHP Eli Roberts
Batting: RHB Logan Triplett 0-0: Ball
1-0: Foul Ball, location: 2F
1-1: Ball
2-1: SINGLE (Line Drive, 89S, EV 104.4 MPH)
Batting: RHB Cody Tolley 0-0: Foul Ball, location: 2F
0-1: Ball
1-1: Ball
2-1: Foul Ball, location: 2F
2-2: Foul Ball, location: 2F
2-2: SINGLE (Groundball, 6MD, EV 104.4 MPH)
Logan Triplett to second
Batting: LHB Sanford Davis 0-0: Called Strike
0-1: Foul Ball, location: 2F
0-2: Ball
1-2: Fly out, F8 (Flyball, 78M, EV 86.9 MPH)
Pitching: LHP Judson Mulefu
Batting: RHB Eli Hartman 0-0: Ball
1-0: Called Strike
1-1: Ball
2-1: Foul Ball, location: 2F
2-2: Ball
3-2: Strikes out looking
Pinch Hitting: RHB Joey Bird 0-0: Fielders Choice at 2nd, 5-4 (Groundball, 56, EV 104.4 MPH)
Bottom of the 6th over - 0 runs, 2 hits, 0 errors, 2 left on base; Orlando 5 - Little Rock 3
TOP OF THE 7TH
Orlando Blackbirds batting - Pitching for Little Rock Travelers : RHP Lawrence Pyatt
Now at 3B: Lance Belcher
Batting: RHB Alden Bradley 0-0: Ball
1-0: Ball
2-0: Ball
3-0: Base on Balls
Batting: RHB Braden Sacks 0-0: Swinging Strike
0-1: Ball
1-1: Ball
2-1: Ball
3-1: Fly out, F8 (Line Drive, 89D, EV 96.2 MPH)
Batting: RHB Randy Wassell 0-0: Foul Ball, location: 2F
0-1: Swinging Strike
0-2: Ball
1-2: Ball
2-2: Ball
3-2: Fly out, F9 (Flyball, 9, EV 90.6 MPH)
Batting: RHB Logan Rodacker 0-0: Ball
1-0: Ball
2-0: Ball
3-0: Called Strike
3-1: Swinging Strike
3-2: Ground out 4-3 (Groundball, 34, EV 91.9 MPH)
Top of the 7th over - 0 runs, 0 hits, 0 errors, 1 left on base; Orlando 5 - Little Rock 3
BOTTOM OF THE 7TH
Little Rock Travelers batting - Pitching for Orlando Blackbirds : LHP Judson Mulefu
Now at 1B: Conor Coleman
Now in RF: Reynold Chimanga
Batting: RHB Mason Eubanks 0-0: Ball
1-0: Ground out 3-1 (Groundball, 34, EV 86.2 MPH)
Batting: RHB Preston Horner 0-0: Ball
1-0: Foul Ball, location: 2F
1-1: Ball
2-1: Foul Ball, location: 2F
2-2: Ball
3-2: Base on Balls
Batting: SHB Skylar Cirigliano 0-0: Ball
1-0: Ball
2-0: Called Strike
2-1: SINGLE (Line Drive, 78S, EV 104.4 MPH)
Preston Horner to second
Pitching: LHP Martin Talbot
Batting: RHB Kyle Tursi 0-0: SINGLE (Line Drive, 9S, EV 93.8 MPH)
Preston Horner to third
Skylar Cirigliano to second
Batting: RHB Logan Triplett 0-0: Ball
1-0: Ball
2-0: Ball
3-0: Called Strike
3-1: Base on Balls
Preston Horner scores
Skylar Cirigliano to third
Kyle Tursi to second
Batting: RHB Cody Tolley 0-0: Ball
1-0: Ball
2-0: Foul Ball, location: 2F
2-1: Swinging Strike
2-2: Strikes out swinging
Pinch Hitting: SHB Stuart Owens 0-0: Ground out 1-3 (Groundball, 13S, EV 71.2 MPH)
Bottom of the 7th over - 1 run, 2 hits, 0 errors, 3 left on base; Orlando 5 - Little Rock 4
TOP OF THE 8TH
Orlando Blackbirds batting - Pitching for Little Rock Travelers : RHP Lawrence Pyatt
Now at 1B: Stuart Owens
Now in LF: Logan Triplett
Batting: SHB Conor Coleman 0-0: Ball
1-0: Foul Ball, location: 2F
1-1: SINGLE (Groundball, 34D, EV 99.4 MPH)
Pitching: RHP Vin Chasovodov
Batting: RHB Reynold Chimanga 0-0: Bunted foul
0-1: Bunted foul
0-2: Ball
1-2: Ball
2-2: Ball
3-2: Fielders Choice at 2nd, 1-6 (Groundball, 34S, EV 71.9 MPH)
Batting: SHB Kenny Goss 0-0: Foul Ball, location: 2F
0-1: Called Strike
Reynold Chimanga is caught stealing 2nd base 2-6
0-2: Ball
1-2: Ball
2-2: Ball
3-2: Fly out, F8 (Flyball, 8LXD, EV 85.0 MPH)
Top of the 8th over - 0 runs, 1 hit, 0 errors, 0 left on base; Orlando 5 - Little Rock 4
BOTTOM OF THE 8TH
Little Rock Travelers batting - Pitching for Orlando Blackbirds : LHP Martin Talbot
Batting: RHB Eli Hartman 0-0: Ground out 6-3 (Groundball, 6, EV 80.0 MPH)
Batting: SHB Lance Belcher 0-0: Ball
1-0: Called Strike
1-1: Ball
2-1: Foul Ball, location: 2F
2-2: Ball
3-2: Base on Balls
Pitching: RHP Blake Gordon
Batting: RHB Mason Eubanks 0-0: SINGLE (Groundball, 4MD, EV 98.1 MPH)
Lance Belcher to second
Throwing error, E8
Lance Belcher scores
Mason Eubanks to second
Batting: RHB Preston Horner 0-0: Ball
Wild Pitch!
Mason Eubanks to third
1-0: SINGLE (Line Drive, 89S, EV 103.8 MPH)
Mason Eubanks scores
Batting: SHB Skylar Cirigliano 0-0: SINGLE (Flyball, 78S, EV 91.2 MPH)
Preston Horner to second
Batting: RHB Kyle Tursi 0-0: Ball
1-0: Called Strike
1-1: Swinging Strike
1-2: Foul Ball, location: 2F
1-2: Ball
2-2: Ball
3-2: Strikes out swinging
Batting: RHB Logan Triplett 0-0: Swinging Strike
0-1: Swinging Strike
0-2: Foul Ball, location: 2F
0-2: Foul Ball, location: 2F
0-2: SINGLE (Flyball, 9LS, EV 90.0 MPH)
Preston Horner to third
Skylar Cirigliano to second
Batting: RHB Cody Tolley 0-0: Ball
1-0: Ball
2-0: Ball
Wild Pitch!
Preston Horner scores
Skylar Cirigliano to third
Logan Triplett to second
3-0: Intentional Walk
Batting: SHB Stuart Owens 0-0: Ball
1-0: Swinging Strike
1-1: Ball
2-1: SINGLE (Groundball, 4MD, EV 97.5 MPH)
Skylar Cirigliano scores
Logan Triplett to third
Cody Tolley to second
Runner from 3rd tries for Home, SAFE, throw by CF to home
Batting: RHB Eli Hartman 0-0: Ball
1-0: Ball
2-0: Ball
3-0: Called Strike
3-1: Base on Balls
Cody Tolley to third
Stuart Owens to second
Batting: SHB Lance Belcher 0-0: Ground out 6-3 (Groundball, 4MS, EV 69.4 MPH)
Bottom of the 8th over - 5 runs, 5 hits, 1 error, 3 left on base; Orlando 5 - Little Rock 9
TOP OF THE 9TH
Orlando Blackbirds batting - Pitching for Little Rock Travelers : RHP Vin Chasovodov
Batting: RHB Adrian Zabel 0-0: Ball
1-0: Fly out, F2 (Popup, 2LF, EV 91.2 MPH)
Batting: RHB Billy Wright 0-0: Ball
1-0: Ball
2-0: Foul Ball, location: 2F
2-1: Foul Ball, location: 2F
2-2: Ground out 4-3 (Groundball, 4, EV 85.0 MPH)
Batting: RHB Alden Bradley 0-0: Foul Ball, location: 2F
0-1: Ball
1-1: Swinging Strike
1-2: Ball
2-2: Ball
3-2: Base on Balls
Batting: RHB Braden Sacks 0-0: Called Strike
0-1: Ball
1-1: Ball
2-1: SINGLE (Line Drive, 8LS, EV 103.8 MPH)
Alden Bradley to second
Pitching: LHP Brendan Fleming
Batting: RHB Randy Wassell 0-0: Ball
1-0: Ground out 6-3 (Groundball, 56, EV 103.8 MPH)
Top of the 9th over - 0 runs, 1 hit, 0 errors, 2 left on base; Orlando 5 - Little Rock 9
Monday, April 29th , 2024 - OOTP Baseball 23.10 Build 110